 Dungeon Crawl Stone Soup version 0.30-a0-630-g881e3bac89 (webtiles) character file.

Game seed: 16145044975591847128

168 CoinPitGoblin the Shooter (level 5, -2/28 HPs)
             Began as a Vine Stalker Hunter on Jan 13, 2023.
             Slain by a bullfrog (6 damage)
             ... in a sewer.
             The game lasted 00:04:06 (2173 turns).

CoinPitGoblin the Shooter (Vine Stalker Hunter)     Turns: 2173, Time: 00:04:06

Health: -2/28      AC:  3    Str: 19    XL:     5   Next: 48%
Magic:  0/6        EV: 13    Int: 15    God:
Gold:   157        SH:  0    Dex: 20    Spells: 4/4 levels left

rFire   . . .      SeeInvis .    a - +0 dagger
rCold   . . .      Faith    .    (no shield)
rNeg    . . .      Spirit   +    c - +0 leather armour
rPois   .          Reflect  .    (no helmet)
rElec   .          Harm     .    (no cloak)
rCorr   .          Rampage  .    (no gloves)
Will    .....                    (no boots)
Stlth   ++                       (no amulet)
HPRegen 1.04/turn                e - +6 ring of intelligence
MPRegen 0.10/turn                f - +6 ring of strength

@: no status effects
A: fangs 2, regeneration 1, magic shield, antimagic bite, no potion heal 2
a: no special abilities


You were in a sewer.
You visited 1 branch of the dungeon, and saw 3 of its levels.
You also visited: Sewer.

You collected 157 gold pieces.

Inventory:

Hand Weapons
 a - a +0 dagger (weapon)
 b - a +0 shortbow
Armour
 c - a +0 leather armour (worn)
Jewellery
 e - a +6 ring of intelligence (left hand)
 f - a +6 ring of strength (right hand)
Scrolls
 g - a scroll of immolation
 h - a scroll of enchant armour {unknown}
 i - 2 scrolls of identify {unknown}
 l - a scroll of enchant weapon {unknown}
 m - a scroll of teleportation {unknown}
 o - a scroll of fear {unknown}
Potions
 d - a potion of attraction {unknown}
 j - a potion of haste {unknown}
 k - a potion of curing {unknown}
 n - 2 potions of magic {unknown}


   Skills:
 * Level 3.4 Fighting
 + Level 1.0 Short Blades
 - Level 3.6 Ranged Weapons
 + Level 2.0 Armour
 + Level 2.5 Dodging
 - Level 1.2 Stealth


You had 4 spell levels left.
You didn't know any spells.
Your spell library contained the following spells:

 Spells                   Type           Power      Damage    Failure   Level
 Stone Arrow              Conj/Erth      0%         3d7       67%         3
 Animate Armour           Summ/Erth      0%         N/A       97%         4
 Lehudib's Crystal Spear  Conj/Erth      0%         10d2      100%        8


Dungeon Overview and Level Annotations

Branches:
Dungeon (3/15)              Sewer (1/1)

Altars:
Elyvilon


Innate Abilities, Weirdness & Mutations

You have extremely sharp teeth.
Your natural rate of healing is unusually fast.
When hurt, damage is shared between your health and your magic reserves.
Your bite disrupts and absorbs the magic of your enemies.
Potions cannot restore your health.


Message History

No target in view!
No target in view!
No target in view!
No target in view!
No target in view!
No target in view!
A bullfrog comes into view.
A bullfrog is nearby!
A bullfrog is nearby!
A bullfrog is nearby!
You see here 12 gold pieces.
A bullfrog comes into view.
The bullfrog gives a loud, deep croak!
The bullfrog croaks.
The bullfrog snags a nearby mosquito with its tongue.
You see here a scroll of blinking.
The bullfrog hits you! The bullfrog barely misses you.
You see here 13 gold pieces.
You barely miss the bullfrog. The bullfrog hits you.
You hit the bullfrog. Your bite misses the bullfrog.
The bullfrog is lightly wounded.
The bullfrog hits you. The bullfrog hits you! The bullfrog barely misses you.
You are too injured to fight recklessly!
You are too injured to fight recklessly!
You are too injured to fight recklessly!
You are too injured to fight recklessly!
You are too injured to fight recklessly!
Unknown command.
Unknown command.
You closely miss the bullfrog. Your bite misses the bullfrog.
The bullfrog is lightly wounded.
The bullfrog hits you. x2
* * * LOW HITPOINT WARNING * * *
The bullfrog hits you.
* * * LOW HITPOINT WARNING * * *
Okay, then.
The bullfrog closely misses you.
You see here a scroll labelled PASUGE ITWU.
The bullfrog attacks as you move away! The bullfrog misses you.
The bullfrog hits you.
You die...

#.~~#..##≈≈~≈≈##~.#~.~#~.#
#~~##~.#≈≈~..≈≈#~~###~#~~#
#~~#~~##≈≈.~..≈##~~~#~#~~#
#.~#~.#≈≈~~~~~~≈#~~∩#~#~~#
#~~#..#≈≈~.~.~.≈#~~~#.#~~#
#~~#~~#≈~~?.~~~~#~~##~#~~#
#~~#.~#≈~.$?~~~~#~~#~~#.~#
#..#~~#≈~.FF$~~.#.~#~.#~~#
#~~#.~##≈~.@~.~##..#~.~~~#
#..##~~#≈~~.~~.†~~.#~~~~~#
#.~~#~.##≈~~~~~~.###~.~~~#
##~~#~~~##≈~~~†###~#######
#~.##~~~#######~~..~#
#~.~#.~.~~~~†....~~~#
##~~##.~.~~~††.##~~##
#~.~##~~~~~.~##†~##
#~~.~###~~~###~†~#


You could see 2 bullfrogs.

Vanquished Creatures
  7 adders
  A worm (D:2)
  3 dart slugs
  8 ball pythons
  5 bats
  4 endoplasms
  15 giant cockroaches
  5 goblins
  4 hobgoblins
  2 jackals (D:1)
  16 quokkas
  12 frilled lizards
  3 kobolds
  2 rats (D:2)
87 creatures vanquished.

Notes
Turn   | Place    | Note
-------+----------+-------------------------------------------
     0 | D:1      | CoinPitGoblin the Vine Stalker Hunter began the quest for
                  | the Orb.
     0 | D:1      | Reached XP level 1. HP: 11/11 MP: 2/2
   117 | D:1      | Reached XP level 2. HP: 14/15 MP: 1/3
   532 | D:1      | Reached XP level 3. HP: 19/19 MP: 4/4
   868 | D:2      | Reached skill level 1 in Armour
   999 | D:2      | Gained mutation: Your natural rate of healing is unusually
                  | fast. [Vine Stalker growth]
   999 | D:2      | Reached XP level 4. HP: 23/23 MP: 5/5
  1618 | D:3      | Found a faded altar of an unknown god.
  1707 | D:3      | Found a white marble altar of Elyvilon.
  1817 | D:3      | Found a glowing drain.
  1846 | Sewer    | Entered a sewer
  1856 | Sewer    | Reached XP level 5. HP: 28/28 MP: 6/6
  2132 | Sewer    | Reached skill level 1 in Short Blades
  2173 | Sewer    | Slain by a bullfrog

Illustrated notes

Levels and vault maps discovered:
D:1:      dpeg_arrival_rooms_b, layout_loops_ring
D:2:      layout_loops_ring
D:3:      layout_basic, nicolae_elyvilon_peaceful_grove,
          shapermc_ecumenical_altar_gd, gup_sewer_entry_pipe,
          hangedman_decor_lopped
Sewer:    sewer_frog_island_02

Skill      XL: |  1  2  3  4  5 |
---------------+----------------+-----
Fighting       | 2 3 |  3.4
Dodging        | 2 |  2.5
Armour         | 1 2 |  2.0
Short Blades   | 1 |  1.0
Ranged Weapons | |  3.6
Stealth        | |  1.2

Action                   |  1- 3 |  4- 6 || total
-------------------------+-------+-------++-------
Melee: Dagger            |    63 |   244 ||   307
       Bite              |    24 |    53 ||    77
       Punch             |       |     3 ||     3
 Fire: Shortbow          |    18 |       ||    18
 Stab: Sleeping          |     5 |     7 ||    12
       Distracted        |       |     1 ||     1
Armor: Leather armour    |    15 |    65 ||    80
Dodge: Dodged            |    42 |   168 ||   210

Table legend: (Time is in decaauts)
 A = Elapsed time spent in this place.
 B = Non-inter-level travel time spent in this place.
 C = Inter-level travel time spent in this place.
 D = Time resting spent in this place.
 E = Time spent auto-exploring this place.
 F = Levels seen in this place.
 G = Mean time per level.
                   A        B        C        D        E       F      G
               +--------+--------+--------+--------+--------+-----+--------+
         Total |   2233 |   2142 |     91 |      0 |   1513 |   4 |  558.2 |
       Dungeon |   1854 |   1763 |     91 |      0 |   1368 |   3 |  618.0 |
         Sewer |    379 |    379 |      0 |      0 |    145 |   1 |  379.0 |
               +--------+--------+--------+--------+--------+-----+--------+

Top non-repeatable levels by time:
     D:2: 810 daAuts
     D:1: 743 daAuts
   Sewer: 379 daAuts
     D:3: 299 daAuts
